 Dungeon Crawl Stone Soup version 0.26-a0-501-g57170428f2 (webtiles) character file.

Game seed: 15679018971258983438

12874 Stryldvaidir the Geomancer (level 12, -4/71 HPs)
             Began as a Gargoyle Earth Elementalist on Aug 7, 2020.
             Was a High Priest of Vehumet.
             Slain by a white ugly thing (29 damage)
             ... on level 11 of the Dungeon.
             The game lasted 00:33:40 (14774 turns).

Stryldvaidir the Geomancer (GrEE)                  Turns: 14774, Time: 00:33:40

Health: -4/71      AC: 19    Str: 12    XL:     12   Next: 0%
Magic:  0/24       EV: 13    Int: 21    God:    Vehumet [*****.]
Gold:   595        SH:  0    Dex:  8    Spells: 18/27 levels left

rFire    . . .     SeeInvis .   l - +5 whip (elec)
rCold    . . .     Faith    .   (no shield)
rNeg     + + .     Spirit   .   s - +1 troll leather armour
rPois    ∞         Reflect  .   h - +1 helmet
rElec    +         Harm     .   (no cloak)
rCorr    .                      (no gloves)
MR       .....                  r - +1 pair of boots
Stlth    +.........             (no amulet)
HPRegen  0.61/turn              g - ring of positive energy
MPRegen  0.19/turn              (no ring)

@: no status effects
A: blink, clumsy 1, negative energy resistance 1, electricity resistance,
unbreathing, petrification resistance, rot immunity, AC +8
a: Blink, Renounce Religion


You were on level 11 of the Dungeon.
You worshipped Vehumet.
Vehumet was extremely pleased with you.
You visited 2 branches of the dungeon, and saw 12 of its levels.

You collected 655 gold pieces.
You spent 60 gold pieces at shops.

Inventory:

Hand Weapons
 k - a +0 morningstar
 l - a +5 whip of electrocution (weapon)
Missiles
 a - 4 throwing nets
 b - 115 stones (quivered)
Armour
 h - a +1 helmet (worn)
 r - a +1 pair of boots (worn)
 s - a +1 troll leather armour (worn)
Jewellery
 g - a ring of positive energy (left hand)
Scrolls
 e - 2 scrolls of blinking
 i - 7 scrolls of remove curse
 j - 5 scrolls of teleportation
 p - 2 scrolls of amnesia
Potions
 c - 2 potions of berserk rage
 d - a potion of stabbing
 m - 2 potions of flight
 n - 2 potions of haste
 o - a potion of ambrosia
 q - a potion of invisibility
 t - a potion of brilliance {unknown}
 u - 2 potions of cancellation {unknown}
 v - a potion of might {unknown}


   Skills:
 + Level 6.5 Fighting
 + Level 5.9 Maces & Flails
 - Level 6.0 Armour
 + Level 5.4 Dodging
 - Level 2.1 Stealth
 + Level 8.0 Spellcasting
 + Level 8.9 Conjurations
   Level 0.7 Transmutations
 + Level 10.5 Earth Magic
   Level 2.7 Evocations


You had 18 spell levels left.
You knew the following spells:

 Your Spells              Type           Power        Failure   Level
a - Sandblast             Erth           ######       1%          1
b - Stone Arrow           Conj/Erth      #####.       1%          3
c - Lee's Rapid Deconstr  Erth           ######....   1%          5

Your spell library contained the following spells:

 Spells                   Type           Power        Failure   Level
 Sticky Flame             Conj/Fire      ####....     4%          4
 Passwall                 Tmut/Erth      ####....     1%          2
 Dazzling Flash           Conj/Hex       ####..       1%          3
 Freeze                   Ice            #...         2%          1
 Hailstorm                Conj/Ice       ####....     4%          4
 Frozen Ramparts          Ice            #.....       8%          3
 Corona                   Hex            #......      10%         1
 Petrify                  Tmut/Erth      ####....     10%         4
 Ensorcelled Hibernation  Hex/Ice        #.....       14%         2
 Confusing Touch          Hex            #.......     28%         3
 Ozocubu's Armour         Ice            #.......     28%         3
 Tukima's Dance           Hex            #.......     28%         3
 Summon Ice Beast         Ice/Summ       #.......     67%         4


Dungeon Overview and Level Annotations

Branches:
Dungeon (11/15)            Temple (1/1) D:4             Orc (0/2) D:10
   Lair: D:8-11

Altars:
Fedhas
Hepliaklqana
Makhleb
Nemelex Xobeh
Vehumet
Wu Jian
Xom
Yredelemnul
Zin
Beogh

Shops:
D:4 ?

Annotations:
D:3 1 runed translucent door, Leibowitz's ghost, amateur MfGl
D:6 exclusion: oklob plant


Innate Abilities, Weirdness & Mutations

You are resistant to torment.
Your stone body is resilient. (AC +8)
You are immune to poison.
You resist negative energy. (rN+)
You are resistant to electric shocks. (rElec)
You can survive without breathing.
You are immune to petrification.
You are immune to rotting.
You can translocate small distances at will.
You are clumsy. (Dex -2)


Message History

Aim: an orc, wielding a +0 mace of protection and quivering 6 boomerangs The blast of sand hits the white ugly thing.
The white ugly thing is almost dead.
b - 116 stones The white ugly thing stings you but does no damage.
Unknown command.
Casting: Sandblast (safe; 1% risk of failure)
Confirm with . or Enter, or press ? or * to list all spells.
Aiming: Sandblast (safe; 1% risk of failure)
Press: ? - help, Shift-Dir - straight line, f/p - orc
Aim: an orc, wielding a +0 mace of protection and quivering 6 boomerangs The blast of sand misses the orc.
b - 115 stones The white ugly thing barely misses you.
The orc closely misses you.
Unknown command.
You aren't carrying any items that you can evoke.
Unknown command.
You feel better. The white ugly thing stings you.
The white ugly thing freezes you!!
You die...

..##..............(..............
.# #.............)...............
..............##(..............
...............##..............
..............................#
.............<...............#
#.....................#
#......##............##
#.....@u............<
........o#............
...##...?#............ .
.....#..>.#.........
....#.#.#..#.........
....##...##.#......... ...#
#.......[.....(.. ..#
#................. ...
.............


You could see a white ugly thing and an orc.

Vanquished Creatures
  Harold (D:8)
  2 two-headed ogres (D:8)
  Pikel (D:4)
  2 ugly things
  A komodo dragon (D:5)
  2 trolls
  Prince Ribbit (D:5)
  5 hippogriffs
  3 yaks (D:10)
  A steam dragon (D:9)
  9 orc warriors
  A hornet zombie (D:6)
  4 ice beasts
  5 phantoms
  2 sky beasts (D:10)
  8 ogres
  4 centaurs
  A necrophage (D:6)
  3 big kobolds
  8 bullfrogs
  A gnoll sergeant (D:8)
  5 scorpions
  10 killer bees (D:10)
  7 wights
  3 howler monkeys (D:7)
  An electric eel (D:6)
  2 bullfrog zombies
  A quasit (D:10)
  9 hounds
  7 jellies
  14 orc wizards
  3 bullfrog skeletons
  3 centaur skeletons
  9 orc priests
  Jessica (D:3)
  4 iguanas
  Terence (D:2)
  9 worker ants
  4 hound skeletons
  A worker ant zombie (D:5)
  Robin (D:2)
  12 gnolls
  A howler monkey skeleton (D:7)
  12 adders
  A shadow imp (D:6)
  A white imp (D:7)
  An ufetubus (D:6)
  2 oozes
  5 adder skeletons
  3 worms
  8 dart slugs
  5 leopard geckos
  62 orcs
  A ball python (D:4)
  11 bats
  10 giant cockroaches
  2 gnoll zombies (D:2)
  16 goblins
  8 hobgoblins
  19 jackals
  28 kobolds
  3 quokkas
  12 frilled lizards
  A leopard gecko skeleton (D:5)
  2 quokka skeletons
  9 rats
395 creatures vanquished.

Vanquished Creatures (others)
  18 toadstools (D:6)
18 creatures vanquished.

Grand Total: 413 creatures vanquished

Notes
Turn   | Place    | Note
-------+----------+-------------------------------------------
     0 | D:1      | Stryldvaidir the Gargoyle Earth Elementalist began the
                  | quest for the Orb.
     0 | D:1      | Reached XP level 1. HP: 10/10 MP: 3/3
     6 | D:1      | Noticed a swamp worm
     6 | D:1      | Noticed a black mamba
     6 | D:1      | Noticed a redback
     7 | D:1      | Noticed an eight-headed hydra
   156 | D:1      | Reached XP level 2. HP: 15/15 MP: 5/5
   182 | D:1      | Reached skill level 4 in Earth Magic
   872 | D:1      | Reached XP level 3. HP: 19/19 MP: 6/6
   877 | D:1      | Learned a level 3 spell: Stone Arrow
  1590 | D:2      | Reached skill level 1 in Conjurations
  1678 | D:2      | Reached XP level 4. HP: 17/24 MP: 8/8
  2083 | D:2      | Found a radiant altar of Vehumet.
  2093 | D:2      | Became a worshipper of Vehumet
  2176 | D:2      | Noticed Terence
  2192 | D:2      | Killed Terence
  2192 | D:2      | Reached skill level 5 in Earth Magic
  2206 | D:2      | Reached XP level 5. HP: 25/28 MP: 1/9
  2214 | D:2      | Learned a level 5 spell: Lee's Rapid Deconstruction
  2496 | D:2      | Found a basalt altar of Yredelemnul.
  2903 | D:3      | Reached XP level 6. HP: 3/32 MP: 0/11
  3452 | D:3      | Noticed Jessica
  3457 | D:3      | Killed Jessica
  3540 | D:3      | Reached * piety under Vehumet
  3540 | D:3      | Offered knowledge of Magic Dart by Vehumet.
  3749 | D:3      | Noticed Robin
  4000 | D:2      | Killed Robin
  4000 | D:2      | Reached skill level 6 in Earth Magic
  4795 | D:3      | Found a runed translucent door.
  4797 | D:3      | Noticed Leibowitz's ghost (amateur MfGl)
  4886 | D:4      | Noticed Pikel
  4920 | D:4      | Reached XP level 7. HP: 19/36 MP: 13/13
  4941 | D:4      | Killed Pikel
  4941 | D:4      | Reached skill level 5 in Spellcasting
  4941 | D:4      | Reached skill level 5 in Conjurations
  4941 | D:4      | Reached skill level 7 in Earth Magic
  4941 | D:4      | Reached XP level 8. HP: 5/41 MP: 0/15
  5505 | D:4      | Offered knowledge of Shock by Vehumet.
  5516 | D:4      | Found a staircase to the Ecumenical Temple.
  5518 | D:4      | Found Ruulits's Magic Scroll Boutique.
  5545 | D:4      | Bought a scroll of identify for 24 gold pieces
  5545 | D:4      | Bought a scroll of identify for 24 gold pieces
  5545 | D:4      | Bought a scroll of noise for 12 gold pieces
  5636 | D:4      | Reached ** piety under Vehumet
  5658 | D:4      | Found a basalt altar of Yredelemnul.
  5722 | Temple   | Entered the Ecumenical Temple
  6269 | D:5      | Entered Level 5 of the Dungeon
  6273 | D:5      | Reached skill level 1 in Fighting
  6444 | D:5      | Reached skill level 1 in Armour
  6454 | D:5      | Reached skill level 1 in Maces & Flails
  6572 | D:5      | Reached skill level 8 in Earth Magic
  6772 | D:5      | Noticed a komodo dragon
  6804 | D:5      | Killed a komodo dragon
  6804 | D:5      | Reached XP level 9. HP: 11/48 MP: 11/17
  7241 | D:5      | Noticed Prince Ribbit
  7256 | D:5      | Killed Prince Ribbit
  7943 | D:6      | Found Oshax's Book Shop.
  8310 | D:6      | Offered knowledge of Dazzling Flash by Vehumet.
  8562 | D:6      | Found a blossoming altar of Fedhas.
  8581 | D:6      | Noticed an oklob plant
  8789 | D:6      | Reached *** piety under Vehumet
  9042 | D:6      | Reached skill level 1 in Evocations
  9809 | D:7      | Reached XP level 10. HP: 56/56 MP: 17/19
  9891 | D:7      | Gained mutation: You are clumsy. (Dex -2) [potion of
                  | mutation]
  9891 | D:7      | Gained mutation: You can translocate small distances at
                  | will. [potion of mutation]
  9944 | D:7      | Offered knowledge of Conjure Flame by Vehumet.
 10086 | D:7      | Reached skill level 9 in Earth Magic
 10734 | D:8      | Found a sparkling altar of Nemelex Xobeh.
 10895 | D:8      | Reached **** piety under Vehumet
 11065 | D:8      | Noticed a two-headed ogre
 11070 | D:8      | Killed a two-headed ogre
 11233 | D:8      | Noticed Harold
 11256 | D:8      | Killed Harold
 11343 | D:8      | Found a basalt altar of Yredelemnul.
 11364 | D:8      | Offered knowledge of Iskenderun's Mystic Blast by Vehumet.
 11364 | D:8      | Reached skill level 5 in Armour
 11433 | D:8      | Reached skill level 5 in Fighting
 11786 | D:8      | Noticed a two-headed ogre
 11794 | D:8      | Killed a two-headed ogre
 11794 | D:8      | Reached XP level 11. HP: 54/64 MP: 5/21
 12255 | D:9      | Reached ***** piety under Vehumet
 12342 | D:9      | Offered knowledge of Spellforged Servitor by Vehumet.
 12440 | D:9      | Reached skill level 5 in Maces & Flails
 12471 | D:9      | Found a hazy altar of Hepliaklqana.
 12471 | D:9      | Found a glowing silver altar of Zin.
 12476 | D:9      | Found an ornate altar of the Wu Jian Council.
 12483 | D:9      | Found a burning altar of Makhleb.
 12490 | D:9      | Found a blossoming altar of Fedhas.
 12872 | D:10     | Entered Level 10 of the Dungeon
 12978 | D:10     | Found a shimmering altar of Xom.
 12979 | D:10     | Found a shimmering altar of Xom.
 13009 | D:10     | Found a shimmering altar of Xom.
 13009 | D:10     | Found a shimmering altar of Xom.
 13011 | D:10     | Found a shimmering altar of Xom.
 13011 | D:10     | Found a shimmering altar of Xom.
 13037 | D:10     | Reached skill level 10 in Earth Magic
 13099 | D:10     | Found a shimmering altar of Xom.
 13669 | D:10     | Reached skill level 5 in Dodging
 13830 | D:10     | Found a roughly hewn altar of Beogh.
 14258 | D:10     | Found a staircase to the Orcish Mines.
 14399 | D:11     | Noticed a brown ugly thing
 14414 | D:10     | Killed a brown ugly thing
 14508 | D:11     | Noticed a cyan ugly thing
 14516 | D:11     | Killed a cyan ugly thing
 14654 | D:11     | Offered knowledge of Sticky Flame by Vehumet.
 14747 | D:11     | Reached XP level 12. HP: 66/71 MP: 22/24
 14774 | D:11     | Slain by a white ugly thing

Illustrated notes

Levels and vault maps discovered:
D:1:      onia_arrival_zoo_common, layout_basic, kennysheep_decorative_pillar,
          chequers_serial_rivers_small_3
D:2:      layout_rooms, lemuel_zombie_altar_yredelemnul,
          lemuel_coloured_pillars_altar, chequers_avenue, uniq_terence
D:3:      layout_loops_ring, ebering_ghost_sewer_d, uniq_jessica, uniq_robin
D:4:      layout_gridville, minmay_temple_entry_ruins, serial_shops,
          nicolae_shop_waterfront, lemuel_tele_altar, uniq_pikel
D:5:      layout_layer_cave, hangedman_decor_clover_reticule,
          uniq_prince_ribbit1
D:6:      kennysheep_slugbush, layout_loops_corners, serial_shops, shop,
          tgw_fedhas
D:7:      layout_basic, minmay_unpleasant_kobolds
D:8:      layout_basic, basic_altar, nemelex_spade_bored_becter, uniq_harold
D:9:      layout_roguey, chequers_temple_overflow_minitemple
D:10:     layout_irregular_city, david_orc_5, nicolae_xom_altar_mimics
D:11:     layout_cave_pools, dpeg_oklobed_lair, minmay_crystal_room
Temple:   regret_index_temple_generic_petals

Skill      XL: |  1  2  3  4  5  6  7  8  9 10 11 |
---------------+----------------------------------+-----
Earth Magic    | 4 5 6 7 8 9 10 | 10.5
Conjurations   | 1 2 3 5 6 7 8 |  8.9
Spellcasting   | 3 4 5 6 7 8 |  8.0
Fighting       | 2 3 5 6 |  6.5
Armour         | 2 3 5 6 |  6.0
Maces & Flails | 2 3 4 5 |  5.9
Dodging        | 2 3 4 5 |  5.4
Evocations     | 1 2 |  2.7
Stealth        | |  2.1
Transmutations | |  0.7

Action                   |  1- 3 |  4- 6 |  7- 9 | 10-12 || total
-------------------------+-------+-------+-------+-------++-------
Melee: Unarmed           |    10 |       |       |       ||    10
       Whip              |     5 |       |   241 |   506 ||   752
       Short sword       |   130 |   137 |       |       ||   267
       Flail             |       |   112 |    14 |       ||   126
 Cast: Sandblast         |    16 |    43 |    19 |    28 ||   106
       Stone Arrow       |       |     4 |    14 |    40 ||    58
       Lee's Rapid Decon |       |       |     7 |    33 ||    40
Evoke: Wand              |       |       |    11 |    10 ||    21
  Use: Scroll            |     3 |     4 |    13 |     8 ||    28
       Potion            |       |     4 |       |     6 ||    10
 Stab: Sleeping          |     1 |     3 |     2 |     3 ||     9
       Invisible         |       |     2 |     1 |       ||     3
       Distracted        |       |     1 |     1 |       ||     2
Armor: Robe              |    80 |   134 |   115 |    51 ||   380
       Troll leather arm |       |       |       |   244 ||   244
       Skin              |       |       |       |    10 ||    10
Dodge: Dodged            |   137 |   213 |   168 |   395 ||   913

Table legend: (Time is in decaauts)
 A = Elapsed time spent in this place.
 B = Non-inter-level travel time spent in this place.
 C = Inter-level travel time spent in this place.
 D = Time resting spent in this place.
 E = Time spent auto-exploring this place.
 F = Levels seen in this place.
 G = Mean time per level.
                   A        B        C        D        E       F      G
               +--------+--------+--------+--------+--------+-----+--------+
         Total |  14803 |  14460 |    343 |   2816 |   8504 |  12 | 1233.6 |
       Dungeon |  14801 |  14458 |    343 |   2816 |   8504 |  11 | 1345.5 |
        Temple |      1 |      1 |      0 |      0 |      0 |   1 |    1.0 |
               +--------+--------+--------+--------+--------+-----+--------+

Top non-repeatable levels by time:
     D:3: 1969 daAuts
     D:6: 1699 daAuts
     D:1: 1593 daAuts
     D:4: 1519 daAuts
     D:5: 1494 daAuts
    D:10: 1417 daAuts
     D:2: 1358 daAuts
     D:8: 1201 daAuts
     D:7: 1186 daAuts
     D:9: 1061 daAuts
    D:11: 301 daAuts
  Temple: 1 daAuts
